 Dungeon Crawl Stone Soup version 0.18.1-8-gdd0e5ea (webtiles) character file.

1614 Jerry the Purveyor of Pain (level 8, -1/57 HPs)
             Began as a Vampire Necromancer on June 6, 2016.
             Was an Initiate of Kikubaaqudgha.
             Slain by Pikel
             ... wielding a +1 whip of flaming
              (2 damage)
             ... on level 6 of the Dungeon on June 7, 2016.
             The game lasted 01:04:00 (8156 turns).

Jerry the Purveyor of Pain (Vampire Necromancer)    Turns: 8156, Time: 01:04:02

Health: -1/57      AC:  3    Str:  5    XL:     8   Next: 64%
Magic:  2/11       EV: 12    Int: 17    God:    Kikubaaqudgha [......]
Gold:   276        SH:  0    Dex: 13    Spells: 4 memorised, 2 levels left

rFire  . . .     SeeInvis +     e - +8 demon blade "Leech" {vamp, rN+ AC-2 EV-2 Str-2 Int-2 Dex-2}
rCold  + + +     Gourm    .     k - +0 leather armour
rNeg   + + +     Faith    .     (no shield)
rPois  ∞         Spirit   .     (no helmet)
rElec  .         Dismiss  .     (no cloak)
rCorr  .         Reflect  .     m - +1 pair of gloves
SustAt .         Harm     .     (no boots)
MR     .....                    (no amulet)
Stlth  +++.......               (no ring)
                                q - ring of protection from cold

@: very slightly contaminated, bloodless, non-regenerating, hasted, very quick,
not resistant to hostile enchantments, fairly stealthy
A: fangs 3, see invisible, unbreathing
a: Bat Form, Renounce Religion


You were on level 6 of the Dungeon.
You worshipped Kikubaaqudgha.
Kikubaaqudgha was noncommittal.
You were bloodless.

You visited 1 branch of the dungeon, and saw 7 of its levels.

You collected 276 gold pieces.

Inventory:

Hand Weapons
 e - the +8 demon blade "Leech" (weapon) {vamp, rN+ AC-2 EV-2 Str-2 Int-2 Dex-2}
   (You found it on level 6 of the Dungeon)

   It inflicts no extra harm, but heals its wielder somewhat when it strikes a
   living foe.
   It affects your AC (-2).
   It affects your evasion (-2).
   It affects your strength (-2).
   It affects your intelligence (-2).
   It affects your dexterity (-2).
   It protects you from negative energy.
 u - a +3 short sword of protection
Armour
 k - a +0 leather armour (worn)
 m - a +1 pair of gloves (worn)
Jewellery
 q - a ring of protection from cold (left hand)
Scrolls
 f - a scroll of fog {unknown}
 n - a scroll of magic mapping
Potions
 a - a potion of lignification
 c - a potion of invisibility {unknown}
 d - 3 potions of brilliance
 g - a potion of flight
 j - 3 potions of curing
 l - a potion of ambrosia
 r - a potion of resistance {unknown}
Books
 b - a book of Necromancy

   Spells                             Type                      Level
   a - Pain                           Necromancy                   1
   b - Animate Skeleton               Necromancy                   1
   c - Vampiric Draining              Necromancy                   3
   d - Regeneration                   Charms/Necromancy            3
   e - Animate Dead                   Necromancy                   4
   f - Control Undead                 Necromancy                   4
 h - a book of Burglary

   Spells                             Type                      Level
   a - Swiftness                      Charms/Air                   2
   b - Passwall                       Transmutation/Earth          2
   c - Passage of Golubria            Translocation                4
   d - Lee's Rapid Deconstruction     Earth                        5
   e - Darkness                       Hexes                        6
   f - Invisibility                   Hexes                        6
 s - a book of Debilitation

   Spells                             Type                      Level
   a - Corona                         Hexes                        1
   b - Slow                           Hexes                        2
   c - Gell's Gravitas                Hexes/Translocation          3
   d - Inner Flame                    Hexes/Fire                   3
   e - Cause Fear                     Hexes                        4
   f - Leda's Liquefaction            Hexes/Earth                  4


   Skills:
 + Level 2.5 Fighting
 - Level 2.1 Short Blades
 - Level 4.3 Armour
 + Level 6.5 Dodging
 - Level 5.1 Stealth
 - Level 2.0 Spellcasting
 + Level 7.9 Necromancy


You had 2 spell levels left.
You knew the following spells:

 Your Spells              Type           Power        Failure   Level  Hunger
a - Pain                  Necr           ####         1%          1    #......
b - Animate Skeleton      Necr           N/A          1%          1    #......
c - Vampiric Draining     Necr           ####......   4%          3    ###....
d - Control Undead        Necr           ####......   14%         4    #####..


Dungeon Overview and Level Annotations

Branches:
Dungeon (7/15)
 Temple: D:4-7

Altars:
Gozag
Kikubaaqudgha
Nemelex Xobeh
Qazlal
Ru
Trog

Shops:
D:4 :   D:6 *

Annotations:
D:4 Azru's ghost, amateur OgAK
D:6 Pikel


Innate Abilities, Weirdness & Mutations

You do not heal naturally.
You are immune to poison.
You have razor-sharp teeth.
You have supernaturally acute eyesight.
You can survive without breathing.


Message History

Pikel hits you with a whip of flaming.
* * * LOW HITPOINT WARNING * * *
Pikel burns you.
* * * LOW HITPOINT WARNING * * *
You hit Pikel.
Pikel is moderately wounded.
A howler monkey skeleton comes into view.
You hit Pikel.
Pikel is moderately wounded.
Pikel hits you with a whip of flaming.
* * * LOW HITPOINT WARNING * * *
Pikel burns you.
* * * LOW HITPOINT WARNING * * *
You closely miss Pikel.
Pikel is moderately wounded.
Pikel hits you with a whip of flaming!
* * * LOW HITPOINT WARNING * * *
Pikel burns you.
You die...
Kikubaaqudgha rasps: "You have failed me!
Welcome... oblivion!"

.#.# #####.# #.............##
.#.# #.....# #....#######....
.#.# #.....# #Z...# #.... .#.#
#.....######.)..# #<.(. .#(#
#...............# #....
##.####............#### #....
....................#########....
###########.........#.......#....
)...>.#####.....@K..#.......#....
....).........((....'............
#.#.#.#.#.#.........#............
.#.#.#.#.#.#.#.#.#..#............
#)#.#.#.#.#.#.#.#.#).##..........
.#.#.#.#.#.#.#.#.#.#.##..........
#.#.#.#.#.#.#.#.#.##..#..........
.#.#.#.#.#.#.#.#.#....##'#.######
#.#.#.#.#.#.#.#.#.##...#∩#'##


You could see Pikel and a howler monkey skeleton.

Vanquished Creatures
  2 orc warriors (D:6)
  An ice beast (D:6)
  2 slaves
  A phantom (D:6)
  A sky beast (D:5)
  2 ogres
  A giant frog (D:6)
  A scorpion (D:6)
  2 howler monkeys (D:6)
  3 crimson imps
  4 hounds
  A jelly (D:6)
  An orc priest (D:6)
  A giant frog skeleton (D:4)
  3 orc wizards
  2 worker ants
  A hound zombie (D:5)
  A hound skeleton (D:6)
  7 adders
  A shadow imp (D:5)
  An ooze (D:5)
  2 adder skeletons
  7 worms
  A dart slug (D:2)
  5 giant geckos
  19 orcs
  3 giant cockroaches
  7 goblins
  6 hobgoblins
  9 jackals
  6 kobolds
  2 quokkas
  A ball python (D:1)
  13 bats
  6 giant newts
  8 rats
134 creatures vanquished.

Vanquished Creatures (collateral kills)
  A phantom (D:4)
  A giant frog zombie (D:5)
  An orc (D:6)
  A giant newt (D:2)
  A kobold (D:2)
5 creatures vanquished.

Grand Total: 139 creatures vanquished

Notes
Turn   | Place    | Note
--------------------------------------------------------------
     0 | D:1      | Jerry the Vampire Necromancer began the quest for the Orb.
     0 | D:1      | Reached XP level 1. HP: 13/13 MP: 3/3
   466 | D:1      | Reached XP level 2. HP: 9/19 MP: 1/5
   488 | D:1      | Learned a level 1 spell: Animate Skeleton
  1089 | D:1      | Reached skill level 1 in Armour
  1466 | D:2      | Found an opulent altar of Gozag.
  1514 | D:2      | Reached XP level 3. HP: 13/24 MP: 0/6
  1600 | D:2      | Learned a level 3 spell: Vampiric Draining
  1697 | D:2      | Found a bloodstained altar of Trog.
  1705 | D:2      | Found a faded altar to an unknown god.
  1727 | D:2      | Reached skill level 5 in Necromancy
  1885 | D:2      | Reached XP level 4. HP: 29/31 MP: 3/7
  2356 | D:2      | Found a sacrificial altar of Ru.
  2781 | D:3      | Found a sparkling altar of Nemelex Xobeh.
  3145 | D:3      | Reached XP level 5. HP: 32/36 MP: 6/8
  3423 | D:4      | Reached skill level 1 in Short Blades
  3712 | D:4      | Noticed a phantom
  3742 | D:4      | Killed a phantom
  3742 | D:4      | Reached skill level 5 in Stealth
  3742 | D:4      | Reached XP level 6. HP: 36/42 MP: 9/9
  3748 | D:4      | Learned a level 4 spell: Control Undead
  3862 | D:4      | Noticed Azru's ghost (amateur OgAK)
  3885 | D:4      | Found Westryfad's Book Boutique.
  4012 | D:5      | Entered Level 5 of the Dungeon
  4050 | D:5      | Found an ancient bone altar of Kikubaaqudgha.
  4294 | D:5      | Reached skill level 6 in Necromancy
  4382 | D:5      | Reached XP level 7. HP: 47/47 MP: 10/10
  5047 | D:6      | Got an ancient quarterstaff
  5056 | D:5      | Identified the +2 quarterstaff of World Downfall {antimagic, rPois Int+4 Dex+4} (You found it on level 6 of the Dungeon)
  5214 | D:5      | Reached skill level 5 in Dodging
  5597 | D:6      | Reached skill level 7 in Necromancy
  5609 | D:6      | Reached XP level 8. HP: 53/53 MP: 11/11
  6241 | D:6      | Reached skill level 1 in Fighting
  6464 | D:6      | Found a stormy altar of Qazlal.
  7169 | D:5      | Became a worshipper of Kikubaaqudgha
  7610 | D:6      | Found Sauxaigu's Assorted Antiques.
  7701 | D:7      | Noticed Pikel
  8156 | D:6      | HP: 1/57 [Pikel/whip of flaming (9)]
  8156 | D:6      | Slain by Pikel

Skill      XL: |  1  2  3  4  5  6  7  8 |
---------------+-------------------------+-----
Armour         | 1 2 3 4 |  4.3
Necromancy     | 5 6 7 |  7.9
Stealth        | 4 5 |  5.1
Dodging        | 3 4 5 6 |  6.5
Short Blades   | 1 2 |  2.1
Fighting       | 2 |  2.5
Spellcasting   | |  2.0

Action                   |  1- 3 |  4- 6 |  7- 9 || total
-------------------------+-------+-------+-------++-------
Melee: Dagger            |    17 |       |       ||    17
       Bite              |     6 |    19 |    16 ||    41
       Whip              |    87 |    20 |       ||   107
       Short sword       |       |   148 |   181 ||   329
       Demon blade       |       |       |    75 ||    75
 Cast: Pain              |    33 |    47 |    20 ||   100
       Animate Skeleton  |       |     3 |     6 ||     9
       Vampiric Draining |       |     1 |    18 ||    19
       Control Undead    |       |       |     1 ||     1
 Abil: End Transformatio |       |       |     6 ||     6
       Bat Form          |       |       |     6 ||     6
  Use: Scroll            |       |     9 |     9 ||    18
       Potion            |       |       |     4 ||     4
 Stab: Sleeping          |     3 |     4 |     4 ||    11
       Distracted        |       |     2 |       ||     2
  Eat: Corpse            |     9 |     6 |     3 ||    18
Armor: Leather armour    |    43 |    80 |    62 ||   185
Dodge: Dodged            |    95 |   113 |   151 ||   359
